Map: Flooded City

Players

Brandon

  • Race: Protoss Protoss
  • Spawn Location: 12:00

Jack

  • Race: Terran Terran
  • League: Platinum
  • Spawn Location: 12:00

Yata - Winner!

  • Race: Zerg Zerg
  • League: Silver
  • Spawn Location: 6:00

Myhome - Winner!

  • Race: Terran Terran
  • League: Diamond
  • Spawn Location: 6:00

VOD

Have the link to the VOD?

Description

Time

  • Played on: Aug. 26, 2017, 8:32 p.m.
  • Length: 16:20
Show
View Real Time Build Order
Export as new Build Order

Brandon Protoss 

Build Orders: Zealot Archon, Dark Templar Rush 

Get SALT Encoding   

  12  0:01  Probe (Chrono Boost)  
  13  0:11  Probe (Chrono Boost)  
  14  0:19  Pylon  
  14  0:23  Probe (Chrono Boost)  
  15  0:33  Assimilator  
  15  0:45  Gateway  
  15  0:52  Probe (Chrono Boost)  
  16  0:59  Assimilator  
  16  1:03  Probe (Chrono Boost)  
  17  1:13  Probe (Chrono Boost)  
  18  1:24  Probe (Chrono Boost)  
  19  1:35  Probe (Chrono Boost)  
  19  1:37  Cybernetics Core  
  20  1:45  Probe (Chrono Boost)  
  21  1:56  Probe (Chrono Boost)  
  21  2:01  Pylon  
  22  2:13  Warp Gate (Chrono Boost)  
  22  2:18  Twilight Council  
  22  2:21  Robotics Facility  
  22  2:48  Gateway  
  22  2:50  Gateway  
  22  2:52  Gateway  
  22  2:59  Dark Shrine  
  22  3:08  Pylon  
  23  3:12  Observer  
  23  3:34  Warp Prism  
  23  3:56  Probe  
  24  4:09  Probe  
  25  4:13  Dark Templar x4  
  25  5:07  Dark Templar  
  25  5:08  Dark Templar x2  
  31  5:23  Dark Templar  
  29  5:43  Dark Templar  
  31  6:05  Zealot  
  31  6:06  Zealot x2  
  25  6:26  Zealot x4  
  23  7:14  Nexus  
  23  7:15  Dark Templar x3  
  25  7:16  Dark Templar  
  30  7:24  Pylon  
  30  7:30  Archon  
  30  7:31  Archon  
  30  7:48  Stalker x4  
  38  8:04  Assimilator  
  38  8:08  Assimilator  
  26  8:46  Probe  
  23  8:56  Probe  
  23  8:57  Probe  
  23  9:01  Stalker x3  
  31  9:03  Stalker  
  31  9:07  Probe  
  31  9:08  Probe  
  35  9:18  Probe  
  35  9:20  Probe  
  37  9:28  Probe  
  38  9:32  Probe  
  35  9:39  Probe  
  35  9:44  Probe  
  33  9:49  Probe  
  34  10:00  Gateway, Probe  
  34  10:01  Stalker x3  
  34  10:03  Gateway  
  34  10:05  Gateway  
  41  10:10  Probe  
  42  10:33  Pylon  
  42  10:37  Pylon  
  42  11:00  Dark Templar x2  
  42  11:01  Dark Templar  
  42  11:02  Dark Templar x3  
  54  11:05  Stalker  
  54  11:07  Archon x3  
  56  11:35  Dark Templar x5  
  56  11:37  Dark Templar  
  56  11:38  Stalker  
  70  11:40  Archon x2  
  70  11:41  Archon  
  70  12:03  Nexus  
  70  12:09  Dark Templar  
  70  12:10  Dark Templar  
  70  12:11  Dark Templar  
  76  12:25  Pylon  
  76  12:27  Assimilator  
  76  12:31  Assimilator  
  46  12:52  Stalker  
  46  12:54  Stalker x4  
  46  12:55  Stalker  
  33  13:14  Probe  
  33  13:15  Probe  
  35  13:24  Probe  
  35  13:25  Probe  
  37  13:35  Probe  
  37  13:36  Probe  
  39  13:45  Probe  
  39  13:46  Probe  
  41  13:56  Probe  
  41  13:57  Probe  
  43  14:06  Probe  
  43  14:07  Probe  
  45  14:18  Probe x2  
  47  14:28  Probe  
  45  14:39  Probe  
Show
View Real Time Build Order
Export as new Build Order

Jack Terran 

Build Orders:  

Get SALT Encoding   

  12  0:01  SCV  
  13  0:13  SCV  
  14  0:19  Supply Depot  
  14  0:25  SCV  
  15  0:41  SCV  
  16  0:43  Barracks  
  16  0:52  Refinery  
  16  0:53  SCV  
  17  1:04  Refinery  
  17  1:05  SCV  
  18  1:17  SCV  
  19  1:25  Engineering Bay  
  19  1:34  Marine, Bunker  
  19  1:37  Orbital Command  
  20  1:52  Marine  
  21  2:09  Marine  
  21  2:13  Command Center  
  22  2:19  SCV  
  23  2:49  Supply Depot  
  23  3:00  Barracks  
  23  3:02  Barracks  
  23  3:06  Barracks  
  23  3:09  Barracks  
  23  3:10  Marine  
  24  3:22  Terran Infantry Weapons Level 1  
  24  3:28  Marine  
  25  3:34  Factory  
  25  3:35  Orbital Command  
  25  3:46  Marine  
  26  4:07  Marine x3  
  29  4:11  Marine x2  
  31  4:19  Factory Tech Lab  
  31  4:22  Starport  
  31  4:23  SCV  
  32  4:24  Marine  
  33  4:39  Marine  
  33  4:40  Marine x3  
  33  4:42  Marine  
  38  4:48  SCV  
  39  4:54  SCV  
  40  5:00  SCV  
  41  5:10  Barracks Reactor  
  41  5:11  Barracks Reactor x2  
  41  5:12  Barracks Reactor  
  41  5:28  Orbital Command  
  41  5:31  Barracks Tech Lab  
  41  5:51  Combat Shields  
  41  5:52  Marine x2  
  41  5:53  Marine, Marauder  
  46  6:06  Supply Depot, Terran Infantry Armor Level 1  
  46  6:15  Marine  
  46  6:27  Marine x3  
  46  6:28  SCV x2  
  46  6:32  Marauder  
  43  6:33  Marine x5  
  43  6:36  Siege Tank  
  45  6:40  Ghost Academy, SCV x2  
  45  6:44  Marine  
  45  6:45  Marine x2  
  50  6:49  Refinery  
  50  6:51  Refinery, Marine  
  50  6:52  SCV x2  
  53  7:04  SCV  
  53  7:07  Supply Depot  
  54  7:10  Armory  
  54  7:29  SCV x2, Marauder  
  58  7:38  Siege Tank  
  58  7:40  Marine  
  62  7:44  Supply Depot  
  62  7:47  Starport Reactor, Marine x7  
  62  7:48  SCV  
  62  7:51  Marauder  
  72  7:52  SCV  
  72  7:57  Marine  
  74  8:00  SCV  
  74  8:04  SCV  
  76  8:12  SCV  
  77  8:13  Marine, Marauder  
  77  8:14  Marine x6  
  77  8:17  Terran Infantry Weapons Level 2  
  77  8:19  Marine  
  83  8:21  Supply Depot  
  82  8:31  Marine  
  82  8:32  Marine x3  
  86  8:34  Marine  
  86  8:35  Marine  
  86  8:36  Marine x2  
  86  8:37  Marine  
  69  8:49  Marine x3  
  69  8:50  Marine  
  69  8:52  Marine  
  69  8:53  Marine  
  69  8:54  Marine  
  69  8:55  Marine, Marauder  
  76  8:56  Engineering Bay  
  76  8:58  Personal Cloaking  
  76  9:15  Ghost  
  60  9:50  Marine x4, Marauder  
  60  9:51  Marine x4  
  65  9:54  Terran Infantry Armor Level 2  
  65  9:58  Medivac x2  
  65  10:08  Marine x2  
  65  10:12  Marauder  
  61  10:25  Missile Turret, Starport  
  61  10:42  Command Center  
  61  10:45  Missile Turret  
  61  10:49  Nuke  
  61  10:51  Marine, Marauder  
  64  11:04  SCV x2  
  64  11:05  Missile Turret  
  64  11:09  Refinery  
  64  11:11  Marine x4  
  66  11:12  Marine x2, Marauder  
  66  11:16  SCV  
  66  11:17  Siege Tank  
  78  11:24  Terran Infantry Weapons Level 3  
  78  11:28  Supply Depot  
  78  11:32  Marine  
  78  11:33  Marine x4  
  78  11:34  Marauder  
  78  11:37  Medivac  
  78  11:39  Medivac  
  89  11:55  Marauder  
  89  12:01  Refinery  
  91  12:07  Orbital Command  
  91  12:17  Marauder  
  91  12:18  Terran Infantry Armor Level 3  
  72  12:49  Marine x2  
  72  12:50  Marine x6, Marauder  
  80  12:55  SCV  
  81  13:03  Siege Tank  
  84  13:07  Marine  
  84  13:11  Marauder  
  87  13:28  Missile Turret  
  86  13:40  SCV  
  87  13:47  Marine, Marauder  
  87  13:48  Marine x7  
  93  13:50  Missile Turret  
  93  13:52  SCV  
  98  14:00  SCV x2  
  100  14:04  SCV  
  100  14:05  Marine  
  100  14:06  Marine x7  
  109  14:11  Missile Turret  
  109  14:12  SCV  
  110  14:17  Command Center  
  110  14:22  Marine  
  110  14:23  Marine  
  111  14:31  Missile Turret  
  77  14:50  Marine  
  77  14:51  Marine x8  
  77  14:52  Missile Turret  
  71  14:59  SCV  
  63  15:08  Marine  
  63  15:13  Missile Turret  
  50  15:56  Command Center  
Show
View Real Time Build Order
Export as new Build Order

Yata Zerg - Winner!

Build Orders: Hatch First, Lurkers 

Get SALT Encoding   

  12  0:01  Drone  
  13  0:08  Drone  
  14  0:17  Overlord  
  14  0:36  Drone x2  
  14  0:40  Drone  
  17  0:59  Drone x2  
  17  1:03  Hatchery  
  18  1:12  Extractor  
  18  1:16  Spawning Pool  
  18  1:18  Drone  
  17  1:21  Drone  
  18  1:29  Drone  
  19  1:40  Overlord  
  19  1:52  Drone  
  20  2:02  Drone  
  20  2:06  Queen  
  23  2:14  Queen  
  25  2:16  Zergling x4  
  25  2:21  Metabolic Boost  
  27  2:23  Drone  
  27  2:28  Drone  
  29  2:35  Drone  
  30  2:47  Drone x3  
  30  2:50  Spore Crawler  
  32  2:52  Spore Crawler  
  32  2:58  Queen  
  31  3:02  Lair  
  33  3:05  Extractor  
  33  3:07  Drone x3  
  35  3:13  Zergling x2  
  35  3:17  Overlord  
  36  3:48  Drone  
  36  3:49  Drone x2  
  36  3:51  Drone x3  
  36  3:52  Drone  
  43  4:01  Zergling x2  
  44  4:03  Overlord x3  
  44  4:21  Zergling x8  
  44  4:22  Zergling x2  
  49  4:31  Hydralisk Den  
  48  4:41  Overlord x2  
  45  5:36  Overseer x2  
  44  5:50  Zergling x2  
  44  5:51  Zergling x22  
  53  6:09  Zergling x6  
  51  6:19  Hydralisk x2  
  46  6:33  Zergling x4  
  48  6:43  Hydralisk x2  
  49  6:51  Muscular Augments  
  48  7:03  Hydralisk x5  
  48  7:04  Hydralisk x3  
  64  7:15  Drone x2  
  66  7:19  Queen  
  68  7:24  Drone x3  
  71  7:31  Pneumatized Carapace  
  71  7:34  Hydralisk  
  71  7:35  Hydralisk  
  75  7:49  Roach Warren  
  75  7:51  Evolution Chamber  
  73  8:07  Overlord x4  
  73  8:08  Overlord x4  
  71  8:26  Zergling x2  
  52  8:27  Zergling x14  
  54  8:47  Hydralisk x6  
  62  9:09  Lurker Den  
  62  9:14  Zerg Missile Weapons Level 1  
  60  9:22  Hatchery  
  60  9:24  Zergling x14  
  52  9:39  Hydralisk  
  52  9:40  Hydralisk x5  
  57  9:57  Extractor  
  57  9:58  Extractor, Drone x3  
  54  10:15  Roach x3  
  60  10:22  Drone x2  
  60  10:23  Drone x3  
  65  10:41  Roach x5  
  75  10:52  Drone x3  
  78  11:07  Roach  
  78  11:08  Roach x8  
  96  11:18  Zerg Missile Weapons Level 2  
  96  11:21  Hydralisk  
  98  11:37  Drone x2  
  98  11:38  Drone x5  
  105  11:48  Hydralisk  
  105  11:49  Hydralisk x5  
  117  11:57  Lurker  
  118  12:07  Hydralisk  
  118  12:08  Hydralisk  
  122  12:27  Extractor  
  121  12:32  Extractor  
  120  12:41  Hydralisk  
  120  12:42  Roach, Hydralisk x3  
  121  12:51  Lurker x2  
  122  13:28  Overlord x6  
  120  13:46  Roach  
  120  13:47  Roach x20  
  162  13:52  Lurker x4  
  166  14:11  Glial Reconstitution  
  166  14:32  Hatchery  
  161  14:42  Roach  
  161  14:43  Roach x14  
  163  14:52  Zergling x2  
  158  14:53  Zergling x4  
  160  15:03  Hydralisk x3  
  165  15:25  Hydralisk  
  165  15:26  Roach, Hydralisk  
  167  15:36  Hydralisk  
  169  15:56  Drone x4  
  169  15:57  Drone x3  
Show
View Real Time Build Order
Export as new Build Order

Myhome Terran - Winner!

Build Orders: Reaper Expand, MMM Bio 

Get SALT Encoding   

  12  0:02  SCV  
  13  0:14  SCV  
  13  0:19  Supply Depot  
  14  0:27  SCV  
  15  0:40  SCV  
  15  0:42  Barracks  
  16  0:49  Refinery  
  16  0:52  SCV  
  17  1:04  SCV  
  18  1:16  SCV  
  19  1:29  Orbital Command  
  19  1:32  Reaper  
  20  1:48  Supply Depot  
  20  1:51  Command Center  
  20  1:56  SCV  
  21  2:05  Barracks Reactor  
  21  2:08  SCV  
  21  2:13  Barracks  
  22  2:20  SCV  
  23  2:37  SCV  
  24  2:49  SCV  
  25  2:54  Marine x2  
  25  2:55  Barracks x2  
  27  3:01  Engineering Bay  
  27  3:04  Orbital Command  
  27  3:05  SCV  
  28  3:09  Barracks Tech Lab  
  28  3:12  Marine x2  
  29  3:17  SCV  
  31  3:20  Supply Depot  
  31  3:29  SCV  
  31  3:30  SCV  
  33  3:41  SCV, Marine x3  
  33  3:42  SCV  
  38  3:59  Marine  
  39  4:04  Missile Turret  
  39  4:07  SCV  
  39  4:08  SCV, Marine x4  
  44  4:13  Missile Turret  
  44  4:14  Missile Turret  
  44  4:17  Marine  
  44  4:19  SCV  
  44  4:20  SCV  
  47  4:25  Terran Infantry Weapons Level 1, Refinery, Marine  
  47  4:26  Marine x3  
  47  4:28  Stimpack  
  51  4:34  Marine  
  51  4:38  Factory  
  52  4:41  Supply Depot  
  52  4:43  Marine x2  
  52  4:44  Supply Depot  
  54  4:52  Marine  
  53  5:15  Missile Turret  
  53  5:25  Marine x2  
  53  5:26  Marine x2  
  39  5:43  Marine x3  
  39  5:44  Marine  
  43  5:52  SCV x2, Missile Turret  
  45  6:01  Marine x3  
  45  6:02  Marine  
  48  6:04  SCV  
  45  6:13  SCV  
  45  6:16  SCV  
  45  6:18  Factory Tech Lab  
  40  6:19  Marine x4  
  43  6:31  SCV  
  43  6:32  SCV  
  45  6:36  Marine x2  
  45  6:37  Marine x2  
  45  6:45  SCV x2  
  45  6:51  Missile Turret  
  42  6:54  Marine x2  
  42  6:55  Marine x2  
  42  6:57  SCV  
  42  6:58  Factory Tech Lab, SCV  
  48  7:11  Command Center  
  48  7:12  Marine x3  
  48  7:13  Marine  
  52  7:30  Marine x3  
  52  7:31  Marine  
  56  7:37  Missile Turret  
  56  7:43  Siege Tank  
  59  7:48  Marine x4  
  63  7:53  Command Center  
  63  7:54  SCV x2  
  65  8:04  Terran Infantry Armor Level 1, Barracks  
  65  8:05  Marine  
  65  8:06  Barracks, Marine x3  
  65  8:07  SCV  
  70  8:12  Refinery  
  70  8:13  Refinery  
  70  8:23  Siege Tank, SCV, Marine x2  
  70  8:24  Marine  
  77  8:36  Marine  
  66  8:41  Marine x2  
  66  8:42  Marine  
  67  8:54  Marine  
  67  8:55  Starport  
  68  8:57  Supply Depot  
  68  8:59  Marine x3  
  71  9:06  SCV x2  
  71  9:08  Planetary Fortress  
  73  9:10  Orbital Command  
  73  9:11  Marine  
  73  9:12  Marine x2  
  73  9:17  Marine x3  
  69  9:30  Reaper, Marine x2  
  62  9:35  Marine x3  
  60  9:41  Siege Tank  
  60  9:42  Starport Reactor  
  60  9:44  SCV  
  64  9:45  SCV  
  64  9:48  Marine x2  
  64  9:52  Marine x2, SCV  
  67  9:53  SCV, Marine  
  67  9:57  SCV  
  72  10:01  Marine  
  72  10:03  Combat Shields  
  72  10:06  Marine x2  
  65  10:10  Marine x2  
  65  10:11  Marine  
  65  10:13  Siege Tank  
  70  10:19  Marine  
  71  10:23  Marine x2  
  71  10:24  SCV  
  71  10:25  SCV x2  
  71  10:28  Marine x3  
  76  10:34  Barracks  
  76  10:35  Supply Depot, Barracks  
  78  10:36  Supply Depot  
  78  10:37  Marine  
  78  10:39  Engineering Bay  
  78  10:40  Armory  
  78  10:41  Marine x2  
  81  10:43  Medivac  
  81  10:44  Medivac  
  81  10:45  Siege Tank  
  81  10:46  Marine x3  
  81  10:48  SCV x3  
  94  10:55  Marine  
  95  10:59  Marine x2  
  97  11:06  Missile Turret  
  97  11:07  Missile Turret  
  97  11:09  Missile Turret  
  97  11:10  Refinery  
  97  11:11  Refinery  
  97  11:13  Marine x3  
  100  11:19  Barracks Reactor  
  100  11:20  Barracks Reactor  
  100  11:22  Barracks Tech Lab x2  
  100  11:24  Marine  
  100  11:25  SCV x2  
  103  11:31  Marine x2, Missile Turret  
  105  11:34  Supply Depot, Missile Turret  
  105  11:36  Supply Depot, Missile Turret  
  105  11:37  Orbital Command  
  105  11:39  Supply Depot, Marine  
  106  11:41  Medivac  
  106  11:42  Marine  
  109  11:49  Marine x2  
  111  11:57  Marine  
  111  12:00  Missile Turret  
  112  12:05  Missile Turret  
  112  12:07  Missile Turret  
  112  12:08  Missile Turret  
  112  12:09  SCV  
  112  12:10  SCV x2, Missile Turret x2  
  112  12:12  Marine  
  112  12:13  Marine x3  
  112  12:14  Marauder x2  
  123  12:16  Medivac  
  125  12:28  Marine  
  125  12:29  Marine x3  
  129  12:30  Marine x2  
  122  12:38  Marine x4  
  118  12:46  Marine x3  
  118  12:47  Marine  
  118  12:48  Marine x2  
  124  12:52  SCV  
  124  12:56  Marine x4  
  125  13:04  Marine x4  
  129  13:06  Marine  
  130  13:14  Marine x5  
  130  13:16  Medivac x2  
  138  13:22  Marine x4  
  138  13:24  Marine  
  140  13:32  Marine x5  
  145  13:40  Marine x3  
  148  13:47  Supply Depot x3  
  148  13:48  Supply Depot  
  148  13:49  Supply Depot  
  148  13:53  Terran Infantry Weapons Level 2, Terran Infantry Armor Level 2  
  148  13:55  Concussive Shells, Medivac x2, Marine x7  
  148  13:56  Siege Tank  
  148  13:57  Marine  
  148  13:58  Marine  
  164  14:08  Marine  
  165  14:13  Marine x7  
  165  14:15  Marine x2, Command Center  
  174  14:22  Command Center  
  174  14:26  Marine  
  174  14:28  Siege Tank  
  174  14:31  Marine x7  
  182  14:33  Marine x2  
  187  14:44  Marine  
  188  14:49  Marine x4  
  188  14:51  Marine x5  
  188  14:52  Medivac  
  199  15:01  Marine  
  195  15:15  Marine x5  
  198  15:34  Marine x5  
  198  15:35  Marine x5  
  189  15:52  Marine x6  
  189  15:53  Marine x4, Orbital Command x2  
Tags
 
Add a new tag
Caveats
  • Supply blocks, unpowered buildings, or Contaminate may cause inaccurate times.
  • Supply counts are checked every 10 seconds.